[Event "Early-Titled-Tuesday-Blitz-July-09-2024"]
[Site "Chess.com"]
[Date "2024.07.09"]
[Round "9"]
[White "JJDAREK"]
[Black "MaxLeto"]
[Result "1/2-1/2"]
[WhiteElo "2365"]
[BlackElo "2490"]
[TimeControl "180+1"]
[EndTime "9:48:48 PDT"]
[Termination "Game drawn by 50-move rule"]

1. Nf3 d5 2. c4 c6 3. d4 Nf6 4. Qc2 g6 5. Bf4 Bg7 6. e3 Bf5 7. Qb3 b6 8. Nc3 O-O 9. h3 h6 10. a4 a5 11. Be2 Na6 12. cxd5 Nxd5 13. Nxd5 cxd5 14. Bxa6 Rxa6 15. Rc1 Qa8 16. O-O Rc8 17. Rc3 Rxc3 18. Qxc3 Qe8 19. b3 b5 20. Ra1 bxa4 21. Rxa4 Qb5 22. g4 Bd7 23. Ne5 Bxe5 24. Bxe5 Qb6 25.
Ra1 f6 26. Bg3 g5 27. Rc1 Be6 28. Qc7 Kf7 29. Qxb6 Rxb6 30. Rc7 Rxb3 31. Bd6 Rb1+ 32. Kg2 Rb6 33. Rxe7+ Kg6 34. Rxe6 a4 35. Re8 Rxd6 36. Ra8 f5 37. Rxa4 h5 38. f3 hxg4 39. hxg4 Re6 40.
Kf2 fxg4 41. fxg4 Re4 42. Kf3 Re6 43. Ra5 Rd6 44. Rb5 Kf6 45. Rc5 Kg6 46. Rc8 Rf6+ 47. Ke2 Re6 48. Rd8 Re4 49. Rxd5 Rxg4 50. Rd8 Kf5 51. Kf3 Rh4 52. Rf8+ Ke6 53. e4 Rh3+ 54. Kg4 Rh4+ 55. Kf3 Rh3+ 56. Kg4 Re3 57. Re8+ Kd6 58. Kxg5 Rg3+ 59. Kf4 Rg1 60. Rh8 Rf1+ 61. Ke3 Re1+ 62. Kd3 Rd1+ 63. Ke2 Rxd4 64. Rh6+ Ke5 65. Ke3 Rxe4+ 66. Kf3 Rf4+ 67. Kg3 Rf5 68. Rh4 Rg5+ 69. Rg4 Rh5 70. Rh4 Rf5 71. Rg4 Rf8 72. Kg2 Kf5 73.
Rd4 Ra8 74. Rc4 Ra3 75. Kf2 Ke5 76. Kg2 Kd5 77. Rb4 Ra2+ 78. Kg3 Kc5 79. Rf4 Re2 80. Rf2 Re3+ 81. Kg2 Re8 82. Rf3 Kd4 83. Kf2 Rg8 84.
Rg3 Rf8+ 85. Rf3 Rh8 86. Rg3 Ke4 87. Rg4+ Kf5 88. Ra4 Rh2+ 89. Kg3 Rb2 90. Ra5+ Ke4 91. Ra4+ Ke3 92. Ra3+ Ke2 93. Kf4 Rb4+ 94. Ke5 Rh4 95. Kd5 Kd2 96. Ke5 Kc2 97. Rg3 Rc4 98. Kf5 Kd2 99.
Ke5 Rc5+ 100. Kd4 Rh5 101. Rg2+ Ke1 102. Ke3 Rh3+ 103. Ke4 Rh8 104. Rb2 Kd1 105. Kf4 Kc1 106. Rg2 Rf8+ 107. Ke4 Re8+ 108. Kd4 Kd1 109. Kd3 Ke1 110. Rg1+ Kf2 111. Rg6 Rd8+ 112. Ke4 Rf8 113. Kd4 Rf4+ 114. Ke5 Ra4 115. Rf6+ Ke3 1/2-1/2

[Event "Early-Titled-Tuesday-Blitz-July-09-2024"]
[Site "Chess.com"]
[Date "2024.07.09"]
[Round "9"]
[White "mwpchess"]
[Black "KubaGepard"]
[Result "1/2-1/2"]
[WhiteElo "2754"]
[BlackElo "2645"]
[TimeControl "180+1"]
[EndTime "9:49:19 PDT"]
[Termination "Game drawn - insufficient material"]

1. e4 e5 2. Nf3 Nc6 3. Nc3 Nf6 4. d4 exd4 5. Nxd4 Nxe4 6. Nxe4 Qe7 7. f3 d5 8. Bb5 Bd7 9. Bxc6 bxc6 10. O-O dxe4 11. Re1 O-O-O 12. Rxe4 Qb4 13. Nb3 Qb7 14. Be3 Bd6 15.
Qe1 Rhe8 16. Rxe8 Rxe8 17. Qf2 f5 18. Re1 Qa6 19. a3 Kb7 20. Nc5+ Bxc5 21. Bxc5 Rxe1+ 22. Qxe1 Qc4 23. Qb4+ Qxb4 24. Bxb4 Kb6 25. h4 g6 26. Kf2 c5 27. Bd2 h5 28. Ke3 Be8 29. Kf4 Kc6 30. Ke5 a6 31. Bh6 c4 32. Bd2 Kb5 33. Bc3 Kc6 34. Ke6 f4 35. Ke5 Bd7 36. Kd4 Bf5 37. Kxc4 Bxc2 38. Be5 Bd1 39. Kd3 Kd7 40.
Bxf4 c6 41. b4 Ba4 42. Ke4 Ke6 43. Be3 Bb5 44. Kf4 Bf1 45. g3 Be2 46. Bc5 Kf7 47. Ke3 Bd1 48. Bd4 Ba4 49. Ke4 Bd1 50. Be3 Bc2+ 51. Ke5 Bd1 52. Kf4 Bc2 53. Bd4 Ke6 54. g4 hxg4 55. fxg4 Bd1 56. Kg5 Kf7 57. h5 gxh5 58.
gxh5 Bc2 59. h6 Ke6 60. Bc5 Kf7 61. Kf4 Kg6 62. Bf8 Kf7 63. Bg7 Ke6 64. Ke3 Kd5 65.
Kd2 Bg6 66. Kc3 c5 67. a4 cxb4+ 68. Kxb4 Kc6 69. Kc4 Kb7 70. a5 Bh7 71. Kc5 Bg8 72. Kd6 Bh7 73. Bd4 Bg8 74. Bb6 Bh7 75. Ke7 Bg8 76. Kf6 Bh7 77. Kg7 Bb1 78. Kf7 Bc2 79. Kf8 Bb1 80. Ke7 Bc2 81. Ke6 Bb1 82. Kd5 Bc2 83. Kd4 Bh7 84. Ke3 Bg6 85. Ke2 Bh7 86.
Kf2 Bg8 87. Kf3 Bh7 88. Kf4 Bb1 89. Ke5 Bc2 90. Kd5 Bd3 91. Kd4 Bb1 92. Kc3 Bh7 93. Kc4 Kc6 94. Kd4 Kb7 95. Kd5 Bb1 96. Ke5 Bc2 97.
Kf6 Bd3 98. Kf7 Be4 99. Kg7 Bd3 100. h7 Bxh7 101. Kxh7 Ka8 102. Kg7 Kb8 103. Kg6 Ka8 104. Kf6 Kb8 105. Kf5 Ka8 106. Ke5 Kb8 107. Ke4 Ka8 108. Kd4 Kb8 109. Kd3 Ka8 110. Kc3 Kb8 111. Kc2 Ka8 112. Kb2 Kb8 113. Kb1 Ka8 114. Ka1 Kb8 115. Ka2 Ka8 116. Kb2 Kb8 117. Kb3 Ka8 118. Kc3 Kb8 119. Kc4 Ka8 120. Kd4 Kb8 121. Kc5 Ka8 122. Bc7 Kb7 123. Bh2 Ka8 124. Kd6 Kb7 125. Kd7 Ka8 126. Kc7 Ka7 127. Bg1+ Ka8 128. Kb6 Kb8 129. Bf2 Ka8 130. Be1 Kb8 131. Bd2 Ka8 132. Bc1 Kb8 133. Bb2 Ka8 134. Kxa6 Kb8 135. Bc1 Ka8 136. Bd2 Kb8 137. Be1 Ka8 138. Bf2 Kb8 139. Bg1 Ka8 140.
Be3 Kb8 141. Bf4+ Ka8 142. Bg5 Kb8 143. Bh4 Ka8 144.
Bf6 Kb8 145. Bg7 Ka8 146. Bh6 Kb8 147. Bd2 Ka8 148. Bc3 Kb8 149. Bb2 Ka8 150. Ba3 Kb8 151. Bb4 Ka8 152. Be7 Kb8 153. Bd8 Ka8 154. Bb6 Kb8 155. Bd4 Ka8 156. Kb6 Kb8 157. Bc5 Ka8 158. Bb4 Kb8 159. Bc3 Ka8 160. Bb2 Kb8 161. Bc1 Ka8 162. Bd2 Kb8 163. Be1 Ka8 164. Bf2 Kb8 165. Bg1 Ka8 166. a6 Kb8 167. Bf2 Ka8 168. Be1 Kb8 169. Bd2 Ka8 170. Bc1 Kb8 171. Bb2 Ka8 172. Ba3 Kb8 173. Bb4 Ka8 174. Bc3 Kb8 175. Bd2 Ka8 176. Be3 Kb8 177. Bd4 Ka8 178. Kb5 Kb8 179. Bc5 Ka8 180. Bb4 Kb8 181. Ba5 Ka8 182. Bb6 Kb8 183. Bc5 Ka8 184. Kb6 Kb8 185. Be7 Ka8 186. Bf6 Kb8 187. Bg7 Ka8 188. Bh6 Kb8 189. Bg5 Ka8 190. Kb5 Kb8 191. Be3 Ka8 192. a7 Kb7 193. Ka5 Ka8 194. Bf2 Kb7 195. Bg1 Ka8 196. Bd4 Kb7 197. Kb5 Ka8 198. Be3 Kb7 199. Bf2 Ka8 200. Bg1 Kb7 201. Bb6 Ka8 202. Bc5 Kb7 203. a8=N Kxa8 1/2-1/2

[Event "Early-Titled-Tuesday-Blitz-July-09-2024"]
[Site "Chess.com"]
[Date "2024.07.09"]
[Round "10"]
[White "chrisclaireredfield"]
[Black "Mikhail_Golubev"]
[Result "0-1"]
[WhiteElo "2506"]
[BlackElo "2625"]
[TimeControl "180+1"]
[EndTime "9:51:47 PDT"]
[Termination "Mikhail_Golubev won by resignation"]

1. Nf3 d6 2. e4 c5 3. d4 cxd4 4. Nxd4 Nf6 5. Nc3 g6 6. Be3 Bg7 7. f3 Nc6 8. Bc4 O-O 9. Qd2 Bd7 10. O-O-O Rc8 11. Bb3 Nxd4 12. Bxd4 b5 13. Kb1 a5 14. a4 bxa4 15. Nxa4 Bxa4 16. Bxa4 Rc4 17. Bxf6 Bxf6 18. Bb3 Rb4 19. Ka2 Qb6 0-1

[Event "Early-Titled-Tuesday-Blitz-July-09-2024"]
[Site "Chess.com"]
[Date "2024.07.09"]
[Round "10"]
[White "DawidCzerw"]
[Black "gpsji27"]
[Result "1-0"]
[WhiteElo "2490"]
[BlackElo "2356"]
[TimeControl "180+1"]
[EndTime "9:51:50 PDT"]
[Termination "DawidCzerw won by resignation"]

1. e4 e5 2. Nf3 Nc6 3. Bb5 a6 4. Ba4 Nf6 5. d4 exd4 6. O-O Nxe4 7. Re1 d5 8. Nxd4 Bd7 9. Bxc6 bxc6 10. f3 Bc5 11.
fxe4 O-O 12. exd5 cxd5 13. Be3 Rb8 14. Nb3 Bxe3+ 15. Rxe3 Bc6 16. Nc3 Qh4 17. Qd4 1-0

[Event "Early-Titled-Tuesday-Blitz-July-09-2024"]
[Site "Chess.com"]
[Date "2024.07.09"]
[Round "10"]
[White "Kildepiotr"]
[Black "shimastream"]
[Result "0-1"]
[WhiteElo "2705"]
[BlackElo "2906"]
[TimeControl "180+1"]
[EndTime "9:52:17 PDT"]
[Termination "shimastream won by resignation"]

1. Nf3 Nf6 2. g3 g6 3. Bg2 Bg7 4. O-O O-O 5. d4 d6 6. Nbd2 c5 7. dxc5 dxc5 8. e4 Nc6 9. c3 b6 10. Qe2 a5 11. Rd1 Ba6 12. Qe1 Qc7 13. Bf1 Bb7 14.
Nc4 Nxe4 15. Bf4 e5 16. Qxe4 Nd4 17. Rxd4 Bxe4 18. Bxe5 Bxe5 19. Rxe4 Bf6 0-1

[Event "Early-Titled-Tuesday-Blitz-July-09-2024"]
[Site "Chess.com"]
[Date "2024.07.09"]
[Round "10"]
[White "VacheH009"]
[Black "Zavgorodniy_Sergiy"]
[Result "0-1"]
[WhiteElo "2524"]
[BlackElo "2669"]
[TimeControl "180+1"]
[EndTime "9:52:27 PDT"]
[Termination "Zavgorodniy_Sergiy won by resignation"]

1. c4 Nf6 2. Nc3 d6 3. g3 e5 4.
Bg2 Be7 5. Nf3 O-O 6. O-O c6 7. d3 h6 8. b4 Be6 9. b5 Nbd7 10. bxc6 bxc6 11. Rb1 d5 12. cxd5 cxd5 13. Bb2 d4 14. Ne4 Nxe4 15. dxe4 Bxa2 16. Ra1 Be6 17. Ra5 Qxa5 18.
Ne1 Rab8 19. Nd3 Nc5 20. Bc1 Nxd3 21. exd3 Rfc8 22. Bd2 Qa2 23. f4 Rb2 0-1

[Event "Early-Titled-Tuesday-Blitz-July-09-2024"]
[Site "Chess.com"]
[Date "2024.07.09"]
[Round "10"]
[White "pinguino120"]
[Black "Radislav_Atanasov"]
[Result "0-1"]
[WhiteElo "2311"]
[BlackElo "2424"]
[TimeControl "180+1"]
[EndTime "9:52:34 PDT"]
[Termination "Radislav_Atanasov won by resignation"]

1. e4 e5 2. Nc3 Nf6 3. g3 c6 4. Bg2 d5 5. exd5 cxd5 6. d4 exd4 7. Qxd4 Nc6 8. Qd1 Bb4 9. Bd2 O-O 10. Nf3 d4 11.
Ne2 Bxd2+ 12. Qxd2 Ne4 13. Qd3 Re8 14. O-O-O Nxf2 15. Qc4 Be6 16. Qb5 Nxh1 17. Nexd4 Nf2 0-1

[Event "Early-Titled-Tuesday-Blitz-July-09-2024"]
[Site "Chess.com"]
[Date "2024.07.09"]
[Round "10"]
[White "kripri"]
[Black "Barmen_EV"]
[Result "0-1"]
[WhiteElo "2311"]
[BlackElo "2505"]
[TimeControl "180+1"]
[EndTime "9:52:39 PDT"]
[Termination "Barmen_EV won by resignation"]

1. f3 e5 2. g3 d5 3. Bg2 h5 4.
Nh3 h4 5. g4 f5 6. gxf5 Bxf5 7.
Nf2 h3 8. Bf1 Qh4 9. Nc3 d4 10.
Ne4 Bxe4 11. fxe4 Nf6 12. d3 Ng4 13. c3 Nxf2 14. Qa4+ Nc6 15. Rg1 Nxd3+ 16. Kd2 Nc5 17.
Qb5 Nxe4+ 18. Kd1 O-O-O 0-1

[Event "Early-Titled-Tuesday-Blitz-July-09-2024"]
[Site "Chess.com"]
[Date "2024.07.09"]
[Round "10"]
[White "cmunda"]
[Black "Navyblue1"]
[Result "0-1"]
[WhiteElo "2087"]
[BlackElo "2123"]
[TimeControl "180+1"]
[EndTime "9:52:43 PDT"]
[Termination "Navyblue1 won by checkmate"]

1. e4 c5 2. c3 Nf6 3. e5 Nd5 4. d4 cxd4 5. Nf3 d6 6. cxd4 Nc6 7. Nc3 Nxc3 8. bxc3 dxe5 9. d5 Nb8 10. Nxe5 a6 11. Qf3 f6 12. Qh5+ g6 13. Nxg6 hxg6 14. Qxh8 Qxd5 15. Bd2 Qe5+ 16. Be2 Bf5 17. O-O-O Qxe2 18.
Rhe1 Qb5 19. Bh6 Qb1+ 20. Kd2 Qd3+ 21. Kc1 Qc2# 0-1

[Event "Early-Titled-Tuesday-Blitz-July-09-2024"]
[Site "Chess.com"]
[Date "2024.07.09"]
[Round "10"]
[White "Alina_Gumerovna"]
[Black "NMChessToImpress"]
[Result "0-1"]
[WhiteElo "2070"]
[BlackElo "2307"]
[TimeControl "180+1"]
[EndTime "9:52:47 PDT"]
[Termination "NMChessToImpress won by resignation"]

1. e4 e6 2. d4 d5 3. exd5 exd5 4. Bd3 Bd6 5. Qf3 Nc6 6. c3 Nf6 7. h3 O-O 8. Ne2 Re8 9. O-O Ne4 10. Nf4 Be6 11. Nd2 Bxf4 12. Qxf4 f5 13. f3 Nd6 14. Nb3 b6 15. Bb5 Nxb5 0-1

[Event "Early-Titled-Tuesday-Blitz-July-09-2024"]
[Site "Chess.com"]
[Date "2024.07.09"]
[Round "10"]
[White "GilbertoHernandezAmura"]
[Black "BashirliSaadat"]
[Result "1-0"]
[WhiteElo "2518"]
[BlackElo "2404"]
[TimeControl "180+1"]
[EndTime "9:52:56 PDT"]
[Termination "GilbertoHernandezAmura won by resignation"]

1. d4 d6 2. e4 g6 3. Nf3 Bg7 4. Bd3 Nd7 5. c3 c5 6. O-O e6 7.
Re1 Ne7 8. a4 O-O 9. Nbd2 Nc6 10. Nb3 Qe7 11. Bb5 cxd4 12. cxd4 a6 13. Bf1 e5 14. d5 Nb4 15. a5 f5 16. Ng5 Nc5 17. Nxc5 dxc5 18. d6 Qf6 19. Bc4+ Kh8 20. d7 f4 21.
Nf7+ Kg8 22. d8=Q 1-0

[Event "Early-Titled-Tuesday-Blitz-July-09-2024"]
[Site "Chess.com"]
[Date "2024.07.09"]
[Round "10"]
[White "madmax011"]
[Black "Millerkallpa"]
[Result "1-0"]
[WhiteElo "2359"]
[BlackElo "2240"]
[TimeControl "180+1"]
[EndTime "9:53:05 PDT"]
[Termination "madmax011 won by checkmate"]

1. d4 Nf6 2. c4 c5 3. d5 b5 4. cxb5 a6 5. bxa6 d6 6. Nc3 Bxa6 7. Nf3 g6 8. e3 Bxf1 9. Kxf1 Bg7 10. g3 O-O 11. Kg2 Qb6 12. a4 Na6 13. Re1 Nb4 14. e4 Rfb8 15. Bf4 Nh5 16. Bg5 Rb7 17. Nb5 h6 18. Be3 Bxb2 19. Rb1 Bd4 20. Nfxd4 cxd4 21. Bxd4 Qa5 22. Qd2 Qxa4 23. Rxb4 Qa6 24. Qxh6 Rxb5 25.
Qh8# 1-0

[Event "Early-Titled-Tuesday-Blitz-July-09-2024"]
[Site "Chess.com"]
[Date "2024.07.09"]
[Round "10"]
[White "ilqar_74"]
[Black "BeanScreen"]
[Result "0-1"]
[WhiteElo "2872"]
[BlackElo "2717"]
[TimeControl "180+1"]
[EndTime "9:53:07 PDT"]
[Termination "BeanScreen won by resignation"]

1. e4 e5 2. Nf3 Nc6 3. Bb5 f5 4. d3 fxe4 5. dxe4 Nf6 6. O-O d6 7. Nc3 Be7 8. Bc4 Na5 9. Bb5+ Nc6 10. Bc4 Na5 11. Be2 O-O 12. Bd2 Kh8 13. Nd5 Nc6 14. Nxf6 Bxf6 15. Be3 Be6 16. Qd2 Qe8 17. Ng5 Bxg5 18. Bxg5 Qg6 19. f3 Nd4 20. Be3 Nxe2+ 21. Qxe2 Rf7 22. c4 Raf8 23. Rad1 a6 24. c5 Bd7 25. Rf2 Bb5 26. Qe1 Rxf3 27. Rxf3 Rxf3 28.
cxd6 Rf1+ 29. Qxf1 Bxf1 30. Rxf1 Qxd6 0-1

[Event "Early-Titled-Tuesday-Blitz-July-09-2024"]
[Site "Chess.com"]
[Date "2024.07.09"]
[Round "10"]
[White "ljuks68"]
[Black "JordanLoyd2020"]
[Result "0-1"]
[WhiteElo "2406"]
[BlackElo "2520"]
[TimeControl "180+1"]
[EndTime "9:53:09 PDT"]
[Termination "JordanLoyd2020 won by resignation"]

1. e4 c5 2. Nf3 Nc6 3. d4 cxd4 4. Nxd4 g6 5. c4 Nf6 6. Nc3 d6 7. Be2 Nxd4 8. Qxd4 Bg7 9. Be3 O-O 10. Qd2 a5 11. f3 a4 12. Rc1 Be6 13. Nd5 Nd7 14. O-O Bxd5 15. cxd5 Nc5 16. Qb4 Qa5 17. Rc4 b5 18.
Qxa5 Rxa5 19. Rb4 Rb8 20. Rc1 Na6 21. Rxb5 Raxb5 22. Bxb5 Rxb5 23. Rc8+ Bf8 24. Bh6 Rb8 0-1

[Event "Early-Titled-Tuesday-Blitz-July-09-2024"]
[Site "Chess.com"]
[Date "2024.07.09"]
[Round "10"]
[White "PapaieDudu"]
[Black "WPWPWP-2015"]
[Result "1-0"]
[WhiteElo "2411"]
[BlackElo "2503"]
[TimeControl "180+1"]
[EndTime "9:53:16 PDT"]
[Termination "PapaieDudu won by resignation"]

1. Nf3 Nf6 2. d4 d5 3. c4 c6 4. Nc3 e6 5. Bg5 h6 6. Bh4 dxc4 7. a4 g5 8. Bg3 Bb4 9. Nd2 Qxd4 10. e3 Qc5 11. Bxc4 Ne4 12. Ndxe4 Qxc4 13. Nd6+ Bxd6 14. Qxd6 Nd7 15. O-O-O a5 16. Be5 Rg8 17. Bf6 Qb4 18. Qc7 Qe7 19. Bxe7 Kxe7 20. Ne4 Rd8 21. Qd6+ Ke8 22.
Nf6+ 1-0

[Event "Early-Titled-Tuesday-Blitz-July-09-2024"]
[Site "Chess.com"]
[Date "2024.07.09"]
[Round "10"]
[White "Smiechu"]
[Black "KVAIDAN"]
[Result "1-0"]
[WhiteElo "2446"]
[BlackElo "2321"]
[TimeControl "180+1"]
[EndTime "9:53:20 PDT"]
[Termination "Smiechu won by resignation"]

1. e4 e5 2. Nf3 d5 3. Nxe5 Bd6 4.
d4 dxe4 5. Nc4 Nf6 6. Nxd6+ Qxd6 7. Be2 Nc6 8. Be3 Nd5 9. c4 Nxe3 10. fxe3 Bd7 11. Nc3 O-O-O 12. O-O f5 13. Nb5 Qh6 14.
Qd2 a6 15. a4 axb5 16. axb5 Nb8 17. Ra8 g5 18. Rfa1 Qb6 19. c5 Qe6 20. Rxb8+ Kxb8 21. Qa5 1-0

[Event "Early-Titled-Tuesday-Blitz-July-09-2024"]
[Site "Chess.com"]
[Date "2024.07.09"]
[Round "10"]
[White "rionelG"]
[Black "guillembaches"]
[Result "0-1"]
[WhiteElo "2429"]
[BlackElo "2546"]
[TimeControl "180+1"]
[EndTime "9:53:25 PDT"]
[Termination "guillembaches won by resignation"]

1. e4 c5 2. g3 Nc6 3. Bg2 g6 4. Ne2 Bg7 5. c3 e5 6. d3 Nge7 7. Be3 b6 8. d4 cxd4 9. cxd4 exd4 10. Nxd4 O-O 11. Nc3 Ba6 12. Qa4 Qc8 13. Rc1 Qb7 14.
Ndb5 Bxc3+ 15. Rxc3 Bxb5 16. Qxb5 Rfc8 17. O-O a6 18.
Qe2 b5 19. Rd1 Ne5 20. Rxc8+ Rxc8 21. Bd4 N7c6 22. Bc3 b4 23. Be1 Qb6 24. Kh1 Nd4 25.
Qd3 Nxd3 0-1

[Event "Early-Titled-Tuesday-Blitz-July-09-2024"]
[Site "Chess.com"]
[Date "2024.07.09"]
[Round "10"]
[White "Resourchess"]
[Black "FMalexhdez"]
[Result "1-0"]
[WhiteElo "2376"]
[BlackElo "2271"]
[TimeControl "180+1"]
[EndTime "9:53:30 PDT"]
[Termination "Resourchess won by resignation"]

1. d4 Nf6 2. c4 e6 3. Nc3 Bb4 4. e3 c5 5. Ne2 O-O 6. a3 cxd4 7. exd4 Be7 8. Nf4 d6 9. Be2 Nbd7 10. O-O Re8 11. Bf3 Nf8 12. Re1 a6 13. b4 Qc7 14.
Qb3 Bd7 15. Bd2 Rac8 16. c5 Bc6 17. d5 exd5 18. Nfxd5 Bxd5 19. Bxd5 Nxd5 20. Nxd5 Qd8 21. Rxe7 Rxe7 22. Bg5 Re1+ 23. Rxe1 Qxg5 24. Ne7+ 1-0

[Event "Early-Titled-Tuesday-Blitz-July-09-2024"]
[Site "Chess.com"]
[Date "2024.07.09"]
[Round "10"]
[White "Kyrko_Gamba"]
[Black "Fractingale"]
[Result "1-0"]
[WhiteElo "2525"]
[BlackElo "2059"]
[TimeControl "180+1"]
[EndTime "9:53:39 PDT"]
[Termination "Kyrko_Gamba won by resignation"]

1. e4 c6 2. d3 d5 3. Qe2 e5 4. exd5 Bd6 5. dxc6 Nxc6 6. c3 Nf6 7. g3 O-O 8. Bg2 Re8 9. Nd2 Bg4 10. Ngf3 Bc7 11. O-O Bf5 12. Ne4 Nd5 13. Nfg5 f6 14. Nf3 Bb6 15. a4 Na5 16. b4 Nb3 17. Rb1 Nxc1 18.
Rfxc1 Rc8 19. a5 Bc7 20. Nh4 Bg6 21. Nxg6 hxg6 22. Nc5 b6 23. Nb7 Qd7 24. Qa2 Red8 25. Nxd8 Rxd8 26. Qxd5+ Qxd5 27. Bxd5+ Rxd5 1-0

[Event "Early-Titled-Tuesday-Blitz-July-09-2024"]
[Site "Chess.com"]
[Date "2024.07.09"]
[Round "10"]
[White "Gnechko_Ruslan"]
[Black "UK_23"]
[Result "1-0"]
[WhiteElo "2520"]
[BlackElo "2406"]
[TimeControl "180+1"]
[EndTime "9:53:43 PDT"]
[Termination "Gnechko_Ruslan won by resignation"]

1. Nf3 Nf6 2. g3 g6 3. Bg2 Bg7 4. O-O O-O 5. d3 c5 6. Nc3 d5 7. h3 Nc6 8. a3 Rb8 9. e4 d4 10. Ne2 b5 11. Nh4 Bb7 12. f4 Ne8 13. f5 Nc7 14. Qe1 c4 15. g4 cxd3 16. cxd3 Ne5 17. Qg3 e6 18. f6 Bxf6 19. Rxf6 Qxf6 20. Bh6 Rfd8 21. Rf1 Qh8 22. Bg5 Nd7 23. Qxc7 Qe5 24. Bxd8 1-0

[Event "Early-Titled-Tuesday-Blitz-July-09-2024"]
[Site "Chess.com"]
[Date "2024.07.09"]
[Round "10"]
[White "Alex_Banzea"]
[Black "pouya21"]
[Result "1-0"]
[WhiteElo "2717"]
[BlackElo "2847"]
[TimeControl "180+1"]
[EndTime "9:53:44 PDT"]
[Termination "Alex_Banzea won by resignation"]

1. d4 Nf6 2. Nc3 d5 3. Bf4 c5 4.
e3 cxd4 5. exd4 a6 6. Bd3 Nc6 7.
Nge2 g6 8. Qd2 Bf5 9. O-O-O Rc8 10. Kb1 b5 11. f3 Bxd3 12. cxd3 Bg7 13. Bh6 O-O 14. h4 Qa5 15. h5 b4 16. hxg6 bxc3 17. gxh7+ Kh8 18. Bxg7+ Kxg7 19. h8=Q+ 1-0

[Event "Early-Titled-Tuesday-Blitz-July-09-2024"]
[Site "Chess.com"]
[Date "2024.07.09"]
[Round "10"]
[White "Naruto75_3"]
[Black "Yan_Dyomin2010"]
[Result "1-0"]
[WhiteElo "2574"]
[BlackElo "2723"]
[TimeControl "180+1"]
[EndTime "9:53:44 PDT"]
[Termination "Naruto75_3 won by resignation"]

1. d4 Nf6 2. c4 g6 3. Nc3 d5 4. cxd5 Nxd5 5. e4 Nxc3 6. bxc3 Bg7 7. Be3 c5 8. Rc1 Qa5 9. Qd2 O-O 10. Be2 Rd8 11. Nf3 b6 12. O-O Ba6 13. d5 Bxe2 14. Qxe2 Bxc3 15. e5 Nd7 16. Bg5 Re8 17. e6 Nf8 18.
exf7+ Kxf7 19. Ne5+ Bxe5 20. Qxe5 Nd7 21. Qe6+ Kg7 22. Qxd7 Rad8 23. Qe6 Rd6 24. Bf6+ Kf8 25. Bxe7+ Rxe7 26. Qxd6 1-0

[Event "Early-Titled-Tuesday-Blitz-July-09-2024"]
[Site "Chess.com"]
[Date "2024.07.09"]
[Round "10"]
[White "ozates"]
[Black "Alexchess1984"]
[Result "0-1"]
[WhiteElo "2623"]
[BlackElo "2787"]
[TimeControl "180+1"]
[EndTime "9:53:46 PDT"]
[Termination "Alexchess1984 won by resignation"]

1. e4 c5 2. Nf3 Nc6 3. d4 cxd4 4. Nxd4 g6 5. Nc3 Bg7 6. Be3 Nf6 7. Bc4 d6 8. f3 Nd7 9. Qd2 Nb6 10. Bb3 Bd7 11. h4 h5 12. O-O-O Ne5 13. Qe2 Rc8 14. Kb1 a6 15.
Nd5 Nxd5 16. exd5 b5 17. Bg5 Qc7 18. f4 Bg4 19. Qe4 Nc4 20. Nc6 O-O 21. Nxe7+ Kh7 22. Nxc8 Rxc8 23. Qe7 Na3+ 24. Kc1 Qxc2+ 0-1

[Event "Early-Titled-Tuesday-Blitz-July-09-2024"]
[Site "Chess.com"]
[Date "2024.07.09"]
[Round "10"]
[White "coalescenet"]
[Black "Stanbad1"]
[Result "0-1"]
[WhiteElo "2393"]
[BlackElo "2618"]
[TimeControl "180+1"]
[EndTime "9:54:00 PDT"]
[Termination "Stanbad1 won by resignation"]

1. d4 Nf6 2. c4 c5 3. d5 b5 4.
cxb5 a6 5. e3 axb5 6. Bxb5 Bb7 7. Nc3 Qa5 8. Bd2 Qb6 9. e4 Nxe4 10. Nge2 Nd6 11. a4 g6 12. Bf4 Bg7 13. O-O O-O 14.
Qd3 Na6 15. Qg3 Nc7 16. Bxd7 Nxd5 17. Nxd5 Bxd5 18. Rad1 Ne4 19. Qh4 Bb7 20. Qxe7 Bf6 21.
Rd6 Qxd6 22. Bxd6 Bxe7 23. Bxe7 Rfb8 24. Nf4 Ba6 25. Re1 Ra7 26. Rxe4 Rxd7 27. h4 Re8 0-1

[Event "Early-Titled-Tuesday-Blitz-July-09-2024"]
[Site "Chess.com"]
[Date "2024.07.09"]
[Round "10"]
[White "Dewarfd"]
[Black "Dino_Ballecer"]
[Result "0-1"]
[WhiteElo "2094"]
[BlackElo "2566"]
[TimeControl "180+1"]
[EndTime "9:54:17 PDT"]
[Termination "Dino_Ballecer won by resignation"]

1. Nf3 Nf6 2. e3 g6 3. b4 Bg7 4. Bb2 O-O 5. c4 c6 6. Be2 d5 7. O-O dxc4 8. Bxc4 a5 9. b5 Bg4 10. d4 a4 11. Nbd2 cxb5 12. Bxb5 Qb6 13. Qe2 Ra5 14. Ba3 Qxb5 15. Qxb5 Rxb5 16. Bxe7 Re8 17. Bd6 Bxf3 18. Nxf3 Nc6 19. Rab1 Rxb1 20. Rxb1 Ne4 21. Bg3 Rc8 22.
Rxb7 Nxd4 23. Rb8 Ne2+ 0-1

[Event "Early-Titled-Tuesday-Blitz-July-09-2024"]
[Site "Chess.com"]
[Date "2024.07.09"]
[Round "10"]
[White "Aslanov_Umid"]
[Black "Aygehovit1992"]
[Result "1-0"]
[WhiteElo "2667"]
[BlackElo "2771"]
[TimeControl "180+1"]
[EndTime "9:54:18 PDT"]
[Termination "Aslanov_Umid won by resignation"]

1. e4 c5 2. Nf3 e6 3. d4 cxd4 4. Qxd4 Nc6 5. Qe3 d5 6. exd5 Qxd5 7. Nc3 Bb4 8. Bd2 Bxc3 9. Bxc3 Nf6 10. Bd3 Ng4 11. Qe2 O-O 12. h4 f5 13. Bc4 Qe4 14. Qxe4 fxe4 15. Ng5 Nxf2 16. O-O e3 17. Rae1 Bd7 18.
Nxe6 b5 19. Nxf8+ 1-0

[Event "Early-Titled-Tuesday-Blitz-July-09-2024"]
[Site "Chess.com"]
[Date "2024.07.09"]
[Round "10"]
[White "Oleksandr_Bortnyk"]
[Black "praveenb2002"]
[Result "1-0"]
[WhiteElo "3063"]
[BlackElo "2848"]
[TimeControl "180+1"]
[EndTime "9:54:28 PDT"]
[Termination "Oleksandr_Bortnyk won by resignation"]

1. d4 Nf6 2. Nc3 d5 3. Bf4 Bf5 4. e3 e6 5. Nf3 Bb4 6. Bd3 Bg6 7. Ne5 Nbd7 8. h4 c5 9. Bb5 Qa5 10. Bxd7+ Nxd7 11. O-O Nxe5 12. Bxe5 f6 13. Bg3 Bxc3 14. bxc3 Qxc3 15. h5 Bxc2 16. Qg4 Kf7 17. Rac1 cxd4 18. exd4 Rac8 19. h6 g5 20. Rfe1 Bf5 21. Qh5+ Bg6 22. Qe2 Qxe1+ 23. Rxe1 Rhe8 24. Qb5 b6 25. Bd6 Bf5 26.
Qd7+ 1-0

[Event "Early-Titled-Tuesday-Blitz-July-09-2024"]
[Site "Chess.com"]
[Date "2024.07.09"]
[Round "10"]
[White "Crazy_girl99"]
[Black "SpeedofLight0"]
[Result "0-1"]
[WhiteElo "2662"]
[BlackElo "3136"]
[TimeControl "180+1"]
[EndTime "9:54:30 PDT"]
[Termination "SpeedofLight0 won by checkmate"]

1. Nf3 d5 2. g3 Nc6 3. d4 Bf5 4.
Bg2 Nb4 5. Na3 e6 6. O-O Nc6 7.
Nb1 Nb4 8. Ne1 a5 9. a3 Nc6 10. Bf4 Nf6 11. Nd2 Nxd4 12. c4 Bd6 13. Be3 Nc6 14. cxd5 Nxd5 15. Nc4 Be7 16. Rc1 O-O 17. Nd3 Bf6 18. Qb3 Nxe3 19. fxe3 Rb8 20. Rcd1 Qe7 21. e4 Nd4 22. Qa2 Bg4 23. Bf3 Nxe2+ 24. Kg2 Bxf3+ 25. Rxf3 Nd4 26. Rf2 a4 27. e5 Bg5 28. Nf4 Nf5 29. Rd3 Rfd8 30. Qb1 b5 31. Nd2 Bxf4 32. Rxf4 Qc5 33. Ne4 Qxe5 34. Nf2 h5 35. Qf1 Ne3+ 36.
Rxe3 Qxe3 37. Ne4 f5 38. Ng5 Rd2+ 39. Kh3 Qe2 40. Qg1 e5 41. Rh4 Rb6 42. Rb4 Qg4+ 43. Rxg4 hxg4+ 44. Kh4 Rh6# 0-1

[Event "Early-Titled-Tuesday-Blitz-July-09-2024"]
[Site "Chess.com"]
[Date "2024.07.09"]
[Round "10"]
[White "IMGC"]
[Black "GeorgiosSouleidis"]
[Result "1-0"]
[WhiteElo "2480"]
[BlackElo "2630"]
[TimeControl "180+1"]
[EndTime "9:54:30 PDT"]
[Termination "IMGC won by checkmate"]

1. Nf3 Nf6 2. e3 g6 3. d4 Bg7 4.
b3 O-O 5. Bb2 c5 6. Nbd2 cxd4 7.
exd4 d5 8. h3 Nc6 9. c3 Bf5 10.
Be2 h5 11. O-O Rc8 12. Re1 Re8 13. Bf1 a6 14. Ne5 Nxe5 15. dxe5 Nd7 16. c4 dxc4 17.
Nxc4 b5 18. Ne3 Be4 19. Nd5 Bxd5 20. Qxd5 Rc2 21. e6 fxe6 22. Qxe6+ Kh7 23. Bxg7 Kxg7 24. Bd3 Rc5 25. Qxg6+ Kf8 26. Qh6+ Kg8 27. Bh7+ Kf7 28. Qg6+ Kf8 29. Qg8# 1-0